[Event "Seniors-LEM-65 Sachsen-Anhalt 2024"]
[Site "Magdeburg"]
[Date "2024.07.06"]
[Round "6.26"]
[White "Schwis, Joachim"]
[Black "Kluever, Horst"]
[Result "1/2-1/2"]
[ECO "A23"]
[WhiteElo "1950"]
[BlackElo "1850"]
[Annotator "RC"]
[PlyCount "72"]
[EventDate "2024.06.25"]
[EventType "swiss"]
[EventCountry "GER"]
[SourceTitle "playchess.com"]
[Source "ChessBase"]
[SourceQuality "1"]
[TimeControl "40/5400+30:1800+30"]

1. c4 e5 2. Nc3 Nf6 3. g3 Bc5 4. Bg2 O-O 5. e3 c6 6. d3 d6 7. Nge2 Be6 8. b3 a6 9. O-O h6 10. d4 Bb4 11. Bb2 Bxc3 12. Nxc3 Qc7 13. Rc1 Qe7 14. Re1 Nbd7 15. Qd2 Nb6 16. f4 exf4 17. exf4 Qd7 18. Ne4 Nxe4 19. Bxe4 Bf5 20. Qd3 Bxe4 21. Qxe4 Rfe8 22. Qb1 Rxe1+ 23. Rxe1 Re8 24. Kg2 Rxe1 25. Qxe1 Qe6 26. Qxe6 fxe6 27. Ba3 d5 28. Bc5 Nd7 29. Bd6 Kf7 30. c5 Nf6 31. Bc7 Ne4 32. Ba5 g6 33. Kf3 h5 34. Be1 Nf6 35. h3 Nd7 36. Ba5 Nf6 1/2-1/2

[Event "Seniors-LEM-65 Sachsen-Anhalt 2024"]
[Site "Magdeburg"]
[Date "2024.07.06"]
[Round "6.27"]
[White "Heise, Juergen"]
[Black "Bernhardt, Eduard"]
[Result "1-0"]
[ECO "A01"]
[WhiteElo "1930"]
[BlackElo "1717"]
[Annotator "NA RC"]
[PlyCount "69"]
[EventDate "2024.06.25"]
[EventType "swiss"]
[EventCountry "GER"]
[SourceTitle "playchess.com"]
[Source "ChessBase"]
[SourceQuality "1"]
[TimeControl "40/5400+30:1800+30"]

1. b3 d6 2. Bb2 e5 3. e3 f5 4. Nf3 Nf6 5. d4 e4 6. Nfd2 d5 7. c4 c6 8. Nc3 Be7 9. Be2 O-O 10. a3 Qe8 11. Qc2 Qf7 12. h3 Na6 13. b4 $15 (13. O-O-O $1 $11 {deserves consideration.}) 13... Be6 14. Na4 Nc7 15. cxd5 Bxd5 16. Nc4 Nd7 17. Nc5 Nxc5 18. dxc5 Rad8 19. O-O f4 20. exf4 Ne6 21. g3 Nxf4 22. gxf4 Qxf4 23. Be5 Qf5 24. Qc3 Bf6 25. Kh2 b5 26. cxb6 axb6 27. Rg1 b5 28. Bg4 Bxe5+ 29. Nxe5 Qxf2+ 30. Rg2 Qf6 31. Rc1 e3 32. Qxe3 Bxg2 33. Kxg2 Rfe8 34. Qb3+ Kh8 35. Nf7+ 1-0

[Event "Seniors-LEM-65 Sachsen-Anhalt 2024"]
[Site "Magdeburg"]
[Date "2024.07.06"]
[Round "6.28"]
[White "Zechel, Rolf-Ruediger"]
[Black "Niebuhr, Gerd"]
[Result "1/2-1/2"]
[ECO "A45"]
[WhiteElo "1870"]
[BlackElo "1917"]
[Annotator "RC"]
[PlyCount "25"]
[EventDate "2024.06.25"]
[EventType "swiss"]
[EventCountry "GER"]
[SourceTitle "playchess.com"]
[Source "ChessBase"]
[SourceQuality "1"]
[TimeControl "40/5400+30:1800+30"]

1. d4 Nf6 2. Bg5 c5 3. d5 Ne4 4. Bf4 Qb6 5. Bc1 g6 6. f3 Nf6 7. e4 d6 8. Na3 Bg7 9. Nc4 Qc7 10. a4 O-O 11. Bf4 Nbd7 12. Qd2 Ne5 13. Nxe5 1/2-1/2

[Event "Seniors-LEM-65 Sachsen-Anhalt 2024"]
[Site "Magdeburg"]
[Date "2024.07.06"]
[Round "6.29"]
[White "Boettcher, Frank"]
[Black "Kalkmann, Hans"]
[Result "1-0"]
[ECO "D66"]
[WhiteElo "1848"]
[BlackElo "1910"]
[Annotator "NA RC"]
[PlyCount "57"]
[EventDate "2024.06.25"]
[EventType "swiss"]
[EventCountry "GER"]
[SourceTitle "playchess.com"]
[Source "ChessBase"]
[SourceQuality "1"]
[TimeControl "40/5400+30:1800+30"]

1. d4 e6 2. c4 d5 3. Nc3 Nf6 4. Bg5 Be7 5. e3 O-O 6. Nf3 Nbd7 7. Rc1 c6 8. Bd3 h6 9. Bh4 Re8 10. h3 dxc4 11. Bxc4 Nd5 12. Bxe7 Qxe7 13. O-O Nxc3 14. Rxc3 e5 15. Qb3 e4 16. Nd2 Nb6 17. f3 Nxc4 18. Qxc4 Be6 19. Qa4 Bd5 20. fxe4 Bxe4 21. Rf4 f5 22. Nxe4 fxe4 23. Qb3+ Kh8 24. Rf7 Qh4 25. Qxb7 Qg3 26. Qxc6 Rac8 27. Qd7 Rb8 28. Qc7 Rxb2 29. Qxg3 1-0